 Dungeon Crawl Stone Soup version 0.28-a0-1616-g050a50673c (webtiles) character file.

Game seed: 6068058938189236896

246 dracfodder the Conjurer (level 6, 0/42 HPs)
             Began as a Human Conjurer on Jan 22, 2022.
             Slain by a phantom (2 damage)
             ... on level 4 of the Dungeon.
             The game lasted 00:29:37 (5121 turns).

dracfodder the Conjurer (Human Conjurer)            Turns: 5121, Time: 00:29:38

Health: 0/42       AC:  9    Str:  7    XL:     6   Next: 33%
Magic:  11/11      EV:  2    Int: 21    God:
Gold:   125        SH:  5    Dex: 11    Spells: 6/12 levels left

rFire   . . .      SeeInvis .   a - +1 dagger (speed)
rCold   . . .      Faith    .   (no shield)
rNeg    . . .      Spirit   .   u - +1 chain mail of Dogma {+Inv Fly}
rPois   .          Reflect  +   (no helmet)
rElec   .          Harm     .   (no cloak)
rCorr   .          Rampage  .   (no gloves)
Will    +....                   (no boots)
Stlth   ..........              f - amulet of reflection
HPRegen 0.14/turn               q - ring of willpower
MPRegen 0.12/turn               (no ring)

@: flying
A: no striking features
a: Evoke Invisibility


You were on level 4 of the Dungeon.
You visited 1 branch of the dungeon, and saw 5 of its levels.

You collected 147 gold pieces.
You spent 22 gold pieces at shops.

Inventory:

Hand Weapons
 a - a +1 dagger of speed (weapon)
 b - a +0 hunting sling
Missiles
 d - 43 arrows
 g - 6 boomerangs
 j - 17 bolts
 m - a throwing net
 o - 11 poisoned darts
 p - 120 stones
 r - 33 sling bullets
Armour
 h - a +0 robe
 u - the +1 chain mail of Dogma (worn) {+Inv Fly}
   (You found it on level 4 of the Dungeon)

   +Inv:      It lets you turn invisible.
   Fly:       It grants you flight.
Magical Staves
 w - a staff of conjuration
Jewellery
 e - a ring of fire
 f - an amulet of reflection (around neck)
 q - a ring of willpower (left hand)
Scrolls
 c - a scroll of fog
 i - a scroll of amnesia
 k - a scroll of blinking
 s - a scroll of enchant armour {unknown}
 t - a scroll of silence {unknown}
 x - a scroll of immolation {unknown}
Potions
 l - 2 potions of resistance
 n - a potion of heal wounds
 v - a potion of might {unknown}


   Skills:
 - Level 0.8 Fighting
 - Level 0.4 Short Blades
 - Level 1.2 Throwing
 + Level 0.7 Armour
 - Level 2.3 Dodging
 - Level 2.8 Stealth
 - Level 3.9 Spellcasting
 - Level 5.0 Conjurations


You had 6 spell levels left.
You knew the following spells:

 Your Spells              Type           Power      Damage    Failure   Level
a - Magic Dart            Conj           100%       1d8       99%         1
b - Searing Ray           Conj           50%        2d6       100%        2
c - Dazzling Flash        Conj/Hex       28%        N/A       100%        3

Your spell library contained the following spells:

 Spells                   Type           Power      Damage    Failure   Level
 Ozocubu's Armour         Ice            4%         N/A       100%        3
 Fulminant Prism          Conj/Hex       7%         3d7       100%        4
 Iskenderun's Mystic Bla  Conj/Tloc      14%        2d5       100%        4
 Summon Lightning Spire   Summ/Air       4%         N/A       100%        4
 Metabolic Englaciation   Hex/Ice        2%         N/A       100%        5
 Simulacrum               Ice/Necr       2%         N/A       100%        6
 Storm Form               Tmut/Air       2%         N/A       100%        7
 Maxwell's Capacitive Co  Air            2%         ∞         100%        8


Dungeon Overview and Level Annotations

Branches:
Dungeon (5/15)
 Temple: D:4-7

Altars:
Hepliaklqana
Kikubaaqudgha
Qazlal
Trog

Shops:
D:1 ??

Annotations:
D:4 1 runed translucent door, Crazy Yiuf


Message History

The phantom is moderately damaged.
You hit the phantom.
The phantom is heavily damaged.
The phantom hits you!
* * * LOW HITPOINT WARNING * * *
You barely miss the phantom.
The phantom is moderately damaged.
The phantom hits you but does no damage.
You hit the phantom.
The phantom is heavily damaged.
You hit the phantom but do no damage.
The phantom is heavily damaged.
The phantom hits you but does no damage.
You hit the phantom.
The phantom is heavily damaged.
You block the phantom's attack.
You hit the phantom.
The phantom is heavily damaged.
You closely miss the phantom.
The phantom is heavily damaged.
The phantom hits you but does no damage.
You hit the phantom but do no damage.
The phantom is heavily damaged.
The phantom hits you.
* * * LOW HITPOINT WARNING * * *
You hit the phantom but do no damage.
The phantom is heavily damaged.
You hit the phantom.
The phantom is heavily damaged.
The phantom hits you but does no damage.
You completely miss the phantom.
The phantom is heavily damaged.
The phantom hits you.
* * * LOW HITPOINT WARNING * * *
You barely miss the phantom.
The phantom is heavily damaged.
You barely miss the phantom.
The phantom is heavily damaged.
The phantom hits you.
You die...

.....#..# ........#
####.##.# #....##.#
#.##.##.# #.##.##.#
#.##.##.#
#.##.##.##########
#.##.##.........@#
.....##.########W##
#.#####.# ##.#
........# ##.#
#†####### ..# †.#
#.# ### .. ..# .#


You could see a phantom.

Vanquished Creatures
  A kobold brigand (D:4)
  A scorpion (D:4)
  An orc priest (D:3)
  An adder (D:4)
  3 worms
  4 orcs
  5 bats
  2 bat zombies (D:3)
  8 endoplasms
  5 giant cockroaches
  5 hobgoblins
  3 jackals (D:4)
  4 kobolds
  6 quokkas
  2 ball pythons
  4 frilled lizards
  3 goblins
  A quokka skeleton (D:4)
  4 rats
  A rat zombie (D:3)
64 creatures vanquished.

Notes
Turn   | Place    | Note
-------+----------+-------------------------------------------
     0 | D:1      | dracfodder the Human Conjurer began the quest for the Orb.
     0 | D:1      | Reached XP level 1. HP: 13/13 MP: 3/3
   281 | D:1      | Found Xohopydisuo's Magic Scroll Shoppe.
   286 | D:1      | Found Nadeoloe's Magic Scroll Boutique.
   300 | D:1      | Bought a scroll of identify for 22 gold pieces
   310 | D:1      | Reached XP level 2. HP: 19/19 MP: 3/5
   635 | D:1      | Found a faded altar of an unknown god.
   687 | D:1      | Learned a level 2 spell: Searing Ray
   724 | D:1      | You fall into a shaft and drop 1 floor!
   835 | D:2      | Reached XP level 3. HP: 24/24 MP: 1/6
  1376 | D:2      | Learned a level 3 spell: Dazzling Flash
  2295 | D:3      | Reached XP level 4. HP: 30/30 MP: 5/8
  2598 | D:3      | HP: 1/30 [orc priest (5)]
  3004 | D:3      | Found a hazy altar of Hepliaklqana.
  3282 | D:3      | Reached XP level 5. HP: 35/35 MP: 4/9
  3335 | D:3      | Found an ancient bone altar of Kikubaaqudgha.
  4047 | D:5      | Entered Level 5 of the Dungeon
  4145 | D:4      | Found a runed translucent door.
  4146 | D:4      | Noticed Crazy Yiuf
  4151 | D:4      | Noticed a kobold brigand
  4159 | D:4      | Killed a kobold brigand
  4160 | D:4      | Reached skill level 1 in Throwing
  4432 | D:4      | Found a stormy altar of Qazlal.
  4455 | D:4      | Reached skill level 5 in Conjurations
  4455 | D:4      | Reached XP level 6. HP: 25/42 MP: 3/11
  4620 | D:4      | Identified the +1 chain mail of Dogma {+Inv Fly}
  4637 | D:4      | Found a bloodstained altar of Trog.
  4892 | D:5      | Noticed an ogre
  5119 | D:4      | HP: 2/42 [phantom (5)]
  5121 | D:4      | Slain by a phantom

Illustrated notes

Levels and vault maps discovered:
D:1:      dpeg_arrival_connections, layout_basic,
          chequers_ecumenical_altar_twisty, serial_shops, shop, shop
D:2:      layout_rooms, chequers_serial_rivers_room_b
D:3:      layout_basic, lemuel_coloured_pillars_altar,
          lemuel_zombie_altar_kikubaaqudgha
D:4:      black_bear_nest_1, layout_loops_ring, mainiacjoe_overflow_two_lobes,
          uniq_crazy_yiuf_cottage
D:5:      layout_layer_cave, mainiacjoe_overflow_six_doors_small,
          kennysheep_windowed_goal

Skill      XL: |  1  2  3  4  5 |
---------------+----------------+-----
Spellcasting   | 3 |  3.9
Throwing       | 1 |  1.2
Conjurations   | 5 |  5.0
Fighting       | |  0.8
Short Blades   | |  0.4
Armour         | |  0.7
Dodging        | |  2.3
Stealth        | |  2.8

Action                   |  1- 3 |  4- 6 || total
-------------------------+-------+-------++-------
Melee: Dagger            |       |   105 ||   105
       Staff             |       |     5 ||     5
       Punch             |       |     1 ||     1
Throw: Stone             |     4 |       ||     4
       Boomerang         |     8 |     1 ||     9
       Dart              |     5 |       ||     5
 Cast: Magic Dart        |    41 |    12 ||    53
       Searing Ray       |    14 |    19 ||    33
       Dazzling Flash    |       |     1 ||     1
  Use: Potion            |       |     6 ||     6
       Scroll            |       |     4 ||     4
 Stab: Sleeping          |       |     1 ||     1
Armor: Robe              |     8 |     1 ||     9
       Skin              |       |    15 ||    15
       Chain mail        |       |    22 ||    22
Dodge: Dodged            |    26 |    15 ||    41
Block: Other             |       |     8 ||     8

Table legend: (Time is in decaauts)
 A = Elapsed time spent in this place.
 B = Non-inter-level travel time spent in this place.
 C = Inter-level travel time spent in this place.
 D = Time resting spent in this place.
 E = Time spent auto-exploring this place.
 F = Levels seen in this place.
 G = Mean time per level.
                   A        B        C        D        E       F      G
               +--------+--------+--------+--------+--------+-----+--------+
         Total |   5101 |   4838 |    263 |   1636 |   2283 |   5 | 1020.2 |
       Dungeon |   5101 |   4838 |    263 |   1636 |   2283 |   5 | 1020.2 |
               +--------+--------+--------+--------+--------+-----+--------+

Top non-repeatable levels by time:
     D:3: 1735 daAuts
     D:4: 1307 daAuts
     D:1: 1148 daAuts
     D:2: 905 daAuts
     D:5: 4 daAuts
